 Dungeon Crawl Stone Soup version 0.30-a0-719-gcc4359ea44 (webtiles) character file.

Game seed: 13836888503166633843

1555 Absynth the Changer (level 8, -1/48 HPs)
             Began as an Octopode Transmuter on Jan 26, 2023.
             Was an Initiate of Ashenzari.
             Killed by nerve-wracking pain
             ... invoked by an orc priest
              (7 damage)
             ... on level 5 of the Dungeon.
             The game lasted 00:15:55 (4890 turns).

Absynth the Changer (Octopode Transmuter)           Turns: 4890, Time: 00:15:56

Health: -1/48      AC:  2    Str: 10    XL:     8   Next: 88%
Magic:  21/23      EV: 37    Int: 15    God:    Ashenzari [......]
Gold:   326        SH:  0    Dex: 19    Spells: 9/15 levels left

rFire   + . .      SeeInvis .      - Unarmed
rCold   . . .      Faith    .    (shield currently unavailable)
rNeg    . . .      Spirit   .    (helmet currently unavailable)
rPois   x          Reflect  .    n - amulet of the acrobat
rElec   .          Harm     .    m - ring of protection from fire
rCorr   .          Rampage  .    r - ring of magical power
Will    .....                    (no ring)
Stlth   ++                       (no ring)
HPRegen 0.28/turn                (no ring)
MPRegen 0.18/turn                (no ring)
                                 (no ring)
                                 (no ring)

@: spider-form, marked, acrobatic
A: venomous fangs, almost no armour, (amphibious), 8 rings, tiny, (camouflage
1), (gelatinous body 1), (nimble swimmer 1), (tentacles)
a: End Transformation, Renounce Religion


You were on level 5 of the Dungeon.
You worshipped Ashenzari.
Ashenzari was noncommittal.
You were a venomous arachnid creature.
You visited 2 branches of the dungeon, and saw 6 of its levels.

You collected 326 gold pieces.

Inventory:

Missiles
 g - 8 poisoned darts
 q - 3 throwing nets
Jewellery
 m - a ring of protection from fire (left front pincers)
 n - an amulet of the acrobat (around neck)
 r - a ring of magical power (right front pincers)
Scrolls
 i - a scroll of vulnerability
Potions
 a - 2 potions of lignification
 c - 2 potions of heal wounds {unknown}
 d - a potion of attraction {unknown}
 f - a potion of resistance {unknown}
 h - 2 potions of haste
 j - 4 potions of curing
 p - a potion of mutation {unknown}
 s - a potion of flight {unknown}
 t - a potion of brilliance {unknown}


   Skills:
 - Level 1.0 Fighting
 + Level 4.3 Dodging
 + Level 6.0 Unarmed Combat
 + Level 4.1 Spellcasting
 + Level 6.2 Transmutations
 * Level 2.8 Ice Magic
 - Level 4.0 Poison Magic


You had 9 spell levels left.
You knew the following spells:

 Your Spells              Type           Power      Damage    Failure   Level
a - Beastly Appendage     Tmut           42%        N/A       6%          1
s - Spider Form           Tmut/Pois      18%        N/A       19%         3
w - Wereblood             Tmut           21%        N/A       8%          2

Your spell library contained the following spells:

 Spells                   Type           Power      Damage    Failure   Level
 Sublimation of Blood     Necr           3%         N/A       47%         2
 Ice Form                 Ice/Tmut       16%        N/A       47%         4
 Petrify                  Tmut/Erth      12%        N/A       67%         4
 Irradiate                Conj/Tmut      6%         3d13      92%         5
 Summon Hydra             Summ           1%         N/A       100%        7
 Borgnjor's Revivificati  Necr           1%         N/A       100%        8
 Necromutation            Tmut/Necr      6%         N/A       100%        8
 Death's Door             Necr           1%         N/A       100%        9


Dungeon Overview and Level Annotations

Branches:
Dungeon (5/15)             Temple (1/1) D:4

Altars:
Ashenzari
Cheibriados
Dithmenos
Fedhas
Gozag
Okawaru
Qazlal
Ru
Sif Muna
Trog
Uskayaw
Vehumet
Wu Jian
Xom
Yredelemnul
Zin

Shops:
D:1 =


Innate Abilities, Weirdness & Mutations

You are a venomous arachnid creature.
You have venomous fangs.
You are tiny and dextrous.
Your spellcasting is less reliable in this form.
Your armour is entirely melded.
You are incapable of wielding weapons or throwing items.
You cannot wear most types of armour.
((You are amphibious.))
You can wear up to eight rings at the same time.
((Your skin changes colour to match your surroundings (Stealth+).))
((Your rubbery body absorbs attacks. (AC +1, EV +1)))
((You are camouflaged when in or above water. (Stealth+)))
((You have tentacles for arms and can constrict up to eight enemies at once.))


Message History

You see here a +0 whip.
You now have 326 gold pieces (gained 14).
Things that are here:
a +0 whip; a gnoll corpse You see here a +0 short sword.
You see here a +0 mace.
Things that are here:
a +0 leather armour; a +0 hand axe; an orc skeleton
Found a sling.
Your transformation is almost over.
Your transformation has ended.
An ogre comes into view. It is wielding a +0 giant club.
An orc priest comes into view. It is wielding a +0 club.
The orc priest shouts!
You hear a shout! x2; The ogre shouts!
An orc comes into view. It is wielding a +0 whip.
Casting: Spider Form (dangerous; 7% risk of failure)
Confirm with . or Enter, or press ? or * to list all spells.
You turn into a venomous arachnid creature.
The orc priest mumbles some strange prayers to Beogh against you.
Beogh smites you!
An orc comes into view. It is wielding a +0 trident.
A sourceless malevolence fills the Dungeon...
With a horrendous wail, an alarm goes off!
A sentinel's mark forms upon you.
You hear a bark!
You hear a shout! x2; You hear a bark!
You hear an angry hiss.
You hear a shout! x2; You hear an angry growl.
You hit the orc priest.
The orc priest is lightly wounded.
The orc priest calls down the wrath of Beogh upon you.
Pain shoots through your body!
* * * LOW HITPOINT WARNING * * *
You bite the orc priest!
The orc priest is poisoned.
The orc priest is heavily wounded.
The orc priest misses you. The ogre closely misses you.
The orc priest calls down the wrath of Beogh upon you.
Beogh smites you!
* * * LOW HITPOINT WARNING * * *
The orc priest mumbles some strange prayers to Beogh against you.
Pain shoots through your body!
You die...

#.##............>....
#.##.#[##............
#.#....###).........#
#...#...###.#########
#..###........)
##..#...###.####.####
##...#.# #.# #.....
##.##.# #.# #.####
#s##.###.#
#..O.....##
###........ #oo######
#.... .......
#..####.# ...# . ...#


You could see an ogre, an orc priest (very poisoned) and an orc.

Vanquished Creatures
  Pikel (D:5)
  The ghost of Dirtsage the Changer, an amateur OpTm (D:4)
  Sigmund (D:3)
  A black bear (D:4)
  Blork the orc (D:5)
  A necrophage (D:3)
  A gnoll sergeant (D:5)
  A scorpion (D:4)
  A bullfrog (D:4)
  A hound (D:4)
  Jessica (D:3)
  3 iguanas
  Natasha (thrice) (D:3)
  4 adders
  7 gnolls
  An ufetubus (D:4)
  A dart slug (D:2)
  10 orcs
  3 bats
  8 endoplasms
  2 giant cockroaches
  A goblin (D:4)
  4 hobgoblins
  4 quokkas
  7 ball pythons
  11 kobolds
  4 rats
84 creatures vanquished.

Vanquished Creatures (others)
  3 plants (D:5)
3 creatures vanquished.

Grand Total: 87 creatures vanquished

Notes
Turn   | Place    | Note
-------+----------+-------------------------------------------
     0 | D:1      | Absynth the Octopode Transmuter began the quest for the
                  | Orb.
     0 | D:1      | Reached XP level 1. HP: 13/13 MP: 3/3
   377 | D:1      | Reached XP level 2. HP: 18/18 MP: 3/5
   380 | D:1      | Learned a level 2 spell: Wereblood
   564 | D:1      | Found Asaynouc's Jewellery Shop.
  1204 | D:2      | Reached XP level 3. HP: 23/23 MP: 2/6
  1769 | D:2      | Learned a level 3 spell: Spider Form
  1770 | D:3      | Noticed Jessica
  1770 | D:3      | Noticed a necrophage
  1803 | D:3      | Found a faded altar of an unknown god.
  1822 | D:3      | Noticed Sigmund
  1835 | D:3      | Killed Sigmund
  1836 | D:3      | Reached XP level 4. HP: 14/28 MP: 5/7
  1836 | D:3      | Reached XP level 5. HP: 17/33 MP: 5/8
  2011 | D:3      | Found an opulent altar of Gozag.
  2020 | D:3      | Reached XP level 6. HP: 38/38 MP: 7/9
  2268 | D:3      | Noticed Natasha
  2277 | D:3      | Killed Natasha
  2450 | D:3      | Noticed Natasha
  2457 | D:3      | Killed Natasha
  2680 | D:3      | Killed Jessica
  3319 | D:3      | Noticed Natasha
  3325 | D:3      | Killed Natasha
  3326 | D:3      | Reached XP level 7. HP: 43/43 MP: 11/11
  3507 | D:4      | Reached skill level 5 in Transmutations
  3790 | D:4      | Found a staircase to the Ecumenical Temple.
  3795 | Temple   | Entered the Ecumenical Temple
  3811 | Temple   | Became a worshipper of Ashenzari the Shackled
  3930 | D:4      | Found an ornate altar of the Wu Jian Council.
  3973 | D:4      | Found a runed translucent door.
  3974 | D:4      | Noticed Dirtsage's ghost (amateur OpTm)
  3986 | D:4      | Reached skill level 5 in Unarmed Combat
  4007 | D:4      | Killed Dirtsage's ghost
  4008 | D:4      | Reached XP level 8. HP: 6/48 MP: 13/13
  4393 | D:5      | Entered Level 5 of the Dungeon
  4393 | D:5      | Noticed Blork the orc
  4399 | D:5      | Killed Blork the orc
  4531 | D:5      | Noticed Pikel
  4645 | D:5      | Killed Pikel
  4890 | D:5      | Killed from afar by an orc priest

Illustrated notes

Levels and vault maps discovered:
D:1:      amcnicky_arrival_blooded_trapdoor, layout_loops_cross, serial_shops,
          nicolae_shop_statue_plus
D:2:      minmay_evil_eye, layout_basic
D:3:      layout_loops_ring, mainiacjoe_overflow_six_doors_small,
          ebering_ecumenical_altar_sacrificial, grunt_ministairs_15,
          uniq_sigmund, uniq_natasha, uniq_jessica
D:4:      layout_basic, mainiacjoe_overflow_small_starburst,
          minmay_temple_entry_butterflies, serial_rivers,
          chequers_serial_rivers_micro_c, chequers_serial_rivers_large_a,
          chequers_serial_rivers_marsh, chequers_serial_rivers_room_a,
          chequers_serial_rivers_micro_b, chequers_serial_rivers_micro_a,
          ebering_ghost_sewer_d
D:5:      layout_loops_ring, lemuel_round_altar,
          chequers_temple_overflow_statue_of_worship,
          gammafunk_ghost_nasty_kobolds, serial_shops,
          nicolae_shop_overgrown_old_shop, grunt_tough_drop, uniq_blork_the_orc,
          uniq_pikel
Temple:   nicolae_temple_great_sept

Skill      XL: |  1  2  3  4  5  6  7  8 |
---------------+-------------------------+-----
Poison Magic   | 4 |  4.0
Transmutations | 3 4 5 6 |  6.2
Unarmed Combat | 4 5 6 |  6.0
Dodging        | 3 4 |  4.3
Spellcasting   | 3 4 |  4.1
Ice Magic      | 2 |  2.8
Fighting       | |  1.0

Action                     |  1- 3 |  4- 6 |  7- 9 || total
---------------------------+-------+-------+-------++-------
  Melee: Unarmed           |    53 |    74 |   113 ||   240
         Tentacles         |    16 |     5 |     4 ||    25
         Kick              |    16 |    14 |       ||    30
         Constrict         |    17 |     9 |     2 ||    28
         Punch             |     3 |       |       ||     3
   Cast: Beastly Appendage |    20 |     7 |     2 ||    29
         Wereblood         |     1 |       |     1 ||     2
         Spider Form       |       |     7 |    14 ||    21
    Use: Scroll            |       |       |     6 ||     6
   Stab: Sleeping          |     4 |     2 |     2 ||     8
 Armour: Skin              |     5 |     3 |     2 ||    10
  Dodge: Dodged            |    35 |    60 |   122 ||   217

Table legend: (Time is in decaauts)
 A = Elapsed time spent in this place.
 B = Non-inter-level travel time spent in this place.
 C = Inter-level travel time spent in this place.
 D = Time resting spent in this place.
 E = Time spent auto-exploring this place.
 F = Levels seen in this place.
 G = Mean time per level.
                   A        B        C        D        E       F      G
               +--------+--------+--------+--------+--------+-----+--------+
         Total |   4879 |   4434 |    445 |    823 |   2636 |   6 |  813.2 |
       Dungeon |   4789 |   4353 |    436 |    823 |   2577 |   5 |  957.8 |
        Temple |     90 |     81 |      9 |      0 |     59 |   1 |   90.0 |
               +--------+--------+--------+--------+--------+-----+--------+

Top non-repeatable levels by time:
     D:3: 1553 daAuts
     D:4: 1195 daAuts
     D:2: 1015 daAuts
     D:1: 773 daAuts
     D:5: 251 daAuts
  Temple: 90 daAuts
